 Dungeon Crawl Stone Soup version 0.30.1-4-g462c640d31 (webtiles) character file.

Game seed: 2892143656661399662

1281 monsoonserge the Cleaver (level 8, -2/70 HPs)
             Began as a Hill Orc Fighter on Sept 3, 2023.
             Was a Follower of Nemelex Xobeh.
             Slain by an unseen horror (9 damage)
             ... on level 6 of the Dungeon.
             The game lasted 00:10:42 (5166 turns).

monsoonserge the Cleaver (Hill Orc Fighter)         Turns: 5166, Time: 00:10:43

Health: -2/70      AC: 11    Str: 21    XL:     8   Next: 54%
Magic:  10/10      EV:  8    Int:  8    God:    Nemelex Xobeh [*.....]
Gold:   412        SH:  4    Dex: 10    Spells: 7/7 levels left

rFire   . . .        a - +0 war axe
rCold   . . .        c - +0 buckler
rNeg    . . .        m - +0 chain mail
rPois   .            (no helmet)
rElec   .            A - +0 cloak
rCorr   .            (no gloves)
SInv    .            (no boots)
Will    .....        (no amulet) Stlth
                     (no ring)
HPRegen 0.31/turn    (no ring)
MPRegen 0.12/turn

%: no passive effects
@: no status effects
A: no striking features
a: Renounce Religion, Draw Escape, Draw Destruction, Draw Summoning


You were on level 6 of the Dungeon.
You worshipped Nemelex Xobeh.
Nemelex Xobeh was aware of your devotion.
You visited 2 branches of the dungeon, and saw 7 of its levels.

You collected 412 gold pieces.

Inventory:

Hand Weapons
 a - a +0 war axe (weapon)
Missiles
 r - 21 poisoned darts (quivered)
 y - 2 throwing nets
 B - 6 boomerangs
Armour
 c - a +0 buckler (worn)
 i - a +2 cloak
 m - a +0 chain mail (worn)
 A - a +0 cloak (worn)
 E - a +1 cloak
Jewellery
 x - a +6 ring of intelligence
 z - a +6 ring of intelligence
Wands
 p - a wand of roots (19)
 D - a wand of charming (8)
Scrolls
 f - 2 scrolls of silence {unknown}
 g - 2 scrolls of blinking {unknown}
 k - 3 scrolls of butterflies {unknown}
 l - 2 scrolls of vulnerability {unknown}
 n - 3 scrolls of fear {unknown}
 q - 2 scrolls of teleportation {unknown}
 t - 2 scrolls of enchant armour {unknown}
 u - a scroll of amnesia {unknown}
 C - a scroll of identify {unknown}
Potions
 b - a potion of mutation {unknown}
 d - 2 potions of might
 e - 2 potions of ambrosia {unknown}
 h - 2 potions of brilliance {unknown}
 j - a potion of magic {unknown}
 o - 3 potions of attraction {unknown}
 s - a potion of curing
 v - 2 potions of degeneration
 w - a potion of flight {unknown}


   Skills:
 + Level 5.7 Fighting
 + Level 9.9 Axes
 + Level 5.7 Armour
 - Level 1.0 Dodging
 + Level 0.7 Stealth
 - Level 4.0 Shields
 * Level 2.6 Invocations
 - Level 1.0 Evocations


You had 7 spell levels left.
You didn't know any spells.
Your spell library contained the following spells:

 Spells                   Type           Power      Damage    Failure   Level
 Gell's Gravitas          Tloc           0%         N/A       100%        3
 Teleport Other           Tloc           0%         N/A       100%        3
 Summon Forest            Summ/Tloc      0%         N/A       100%        5
 Dispersal                Tloc           0%         N/A       100%        6
 Eringya's Noxious Bog    Tmut/Pois      0%         N/A       100%        6
 Summon Hydra             Summ           0%         N/A       100%        7


Dungeon Overview and Level Annotations

Branches:
Dungeon (6/15)             Temple (1/1) D:4

Altars:
Ashenzari
Cheibriados
Dithmenos
Fedhas
Gozag
Hepliaklqana
Makhleb
Nemelex Xobeh
Okawaru
Qazlal
Ru
Sif Muna
Trog
Uskayaw
Vehumet
Wu Jian
Xom
Yredelemnul
Zin
The Shining One

Shops:
D:4 *


Message History

Something hits you but does no damage. Something hits you but does no damage.
You swing at nothing.
Something hits you.
You completely miss something. Something hits you.
You swing at nothing.
Something hits you but does no damage.
You closely miss something. Something completely misses you.
You swing at nothing.
Something completely misses you.
You swing at nothing.
You swing at nothing.
You swing at nothing.
Something hits you.
You closely miss something. Something hits you!
* * * LOW HITPOINT WARNING * * *
You swing at nothing.
You swing at nothing.
You swing at nothing.
You swing at nothing.
You swing at nothing.
You swing at nothing.
You swing at nothing.
You swing at nothing.
Something hits you but does no damage. x2
You miss something. Something hits you but does no damage.
You swing at nothing.
Something hits you.
* * * LOW HITPOINT WARNING * * *
You swing at nothing.
You swing at nothing.
You swing at nothing.
Something hits you but does no damage.
You hit something but do no damage. Something hits you but does no damage.
You closely miss something. Something hits you but does no damage.
You miss something. Something hits you.
* * * LOW HITPOINT WARNING * * *
Something hits you.
* * * LOW HITPOINT WARNING * * *
Something hits you!
* * * LOW HITPOINT WARNING * * *
You barely miss something. Something hits you but does no damage.
You swing at nothing.
Something hits you but does no damage.
You hit something. Something completely misses you. Something hits you!
You die...
Your body disappears without a glow.

#.....#####..# #.....P###
#.......##...######........#
.....##.#.....##...........#
#................##........#
#....##'#####....###.......# .
#.⌠[⌠####...# #.......#
#....##.##..# #.......
#.._.#...8.#######.###
#....#.....@....##.#
#....#.....####..#.######
#.._.#...8..............#
#....##.##...............
#)⌠.⌠####................
#.##'#####.................
#..........................
..........)...................
...######.....................


There were no monsters in sight!

Vanquished Creatures
  Sigmund (D:2)
  Eustachio (D:4)
  Menkaure (D:4)
  2 black bears (D:6)
  Blork the orc (D:4)
  A kobold brigand (D:4)
  3 scorpions
  2 sleepcaps (D:5)
  2 hounds
  Crazy Yiuf (D:4)
  Jessica (D:2)
  An orc wizard (D:5)
  4 adders
  8 gnolls
  2 white imps
  A dart slug (D:1)
  2 worms (D:2)
  5 orcs
  8 bats
  4 endoplasms
  7 giant cockroaches
  7 hobgoblins
  10 jackals
  3 quokkas
  7 ball pythons
  4 frilled lizards
  7 goblins
  28 kobolds
  3 rats
127 creatures vanquished.

Notes
Turn   | Place    | Note
-------+----------+-------------------------------------------
     0 | D:1      | monsoonserge the Hill Orc Fighter began the quest for the
                  | Orb.
     0 | D:1      | Reached XP level 1. HP: 19/19 MP: 1/1
   114 | D:1      | Reached XP level 2. HP: 21/27 MP: 2/2
   479 | D:1      | Reached skill level 3 in Axes
   514 | D:1      | Reached XP level 3. HP: 33/33 MP: 3/3
   849 | D:2      | Noticed Sigmund
   849 | D:2      | Noticed Jessica
   859 | D:2      | Killed Jessica
   860 | D:2      | Reached XP level 4. HP: 12/40 MP: 4/4
   862 | D:2      | Killed Sigmund
   863 | D:2      | Reached skill level 5 in Axes
   863 | D:2      | Reached skill level 1 in Dodging
   863 | D:2      | Reached XP level 5. HP: 15/47 MP: 5/5
  1094 | D:2      | Reached XP level 6. HP: 41/53 MP: 6/6
  1472 | D:3      | Reached skill level 6 in Axes
  2055 | D:4      | Found Nevisal's Elemental Accessories.
  2384 | D:4      | Found an opulent altar of Gozag.
  2492 | D:4      | Reached skill level 7 in Axes
  2492 | D:4      | Reached XP level 7. HP: 60/60 MP: 7/7
  2501 | D:4      | Found a staircase to the Ecumenical Temple.
  2507 | Temple   | Entered the Ecumenical Temple
  2574 | Temple   | Became a worshipper of Nemelex Xobeh the Trickster
  2916 | D:4      | Reached skill level 5 in Fighting
  3032 | D:4      | Noticed Eustachio
  3033 | D:4      | Noticed Menkaure
  3039 | D:4      | Killed Menkaure
  3040 | D:4      | Reached skill level 8 in Axes
  3043 | D:4      | Killed Eustachio
  3044 | D:4      | Reached skill level 5 in Armour
  3185 | D:4      | Found a runed translucent door.
  3186 | D:4      | Noticed Crazy Yiuf
  3387 | D:4      | Noticed Blork the orc
  3394 | D:4      | Killed Blork the orc
  3616 | D:4      | Paralysed by Crazy Yiuf for 5 turns
  3624 | D:4      | Killed Crazy Yiuf
  3625 | D:4      | Reached skill level 9 in Axes
  3625 | D:4      | Reached XP level 8. HP: 30/68 MP: 8/8
  3839 | D:5      | Entered Level 5 of the Dungeon
  4270 | D:5      | Reached * piety under Nemelex Xobeh
  4385 | D:5      | Found an iron altar of Okawaru.
  4680 | D:5      | Received a gift from Nemelex Xobeh
  4835 | D:5      | Found a glowing golden altar of the Shining One.
  4969 | D:6      | Reached skill level 1 in Invocations
  4970 | D:6      | Found a shimmering altar of Xom.
  4970 | D:6      | Found a burning altar of Makhleb.
  4979 | D:6      | Found a hazy altar of Hepliaklqana.
  5013 | D:6      | Found a blossoming altar of Fedhas.
  5031 | D:6      | Reached skill level 1 in Evocations
  5041 | D:6      | Found a basalt altar of Yredelemnul.
  5166 | D:6      | Slain by an unseen horror

Illustrated notes

Levels and vault maps discovered:
D:1:      nicolae_arrival_somewhat_less_tricky_arrival, layout_loops_ring
D:2:      layout_rooms, uniq_sigmund, uniq_jessica
D:3:      layout_basic
D:4:      kennysheep_kobold_camp, layout_cave_pods, grunt_gozag_breadcrumbs,
          minmay_temple_entry_fiery, serial_bayou_pond_a,
          nicolae_elemental_shop, kennysheep_decorative_pillar,
          uniq_blork_the_orc, uniq_menkaure, uniq_eustachio,
          uniq_crazy_yiuf_cottage
D:5:      layout_loops_corners, mainiacjoe_overflow_six_doors_small,
          kennysheep_little_box, grunt_ministairs_6
D:6:      layout_rooms, jmf_multi_god_temple,
          gammafunk_temple_overflow_forgotten, kennysheep_windowed_goal
Temple:   nicolae_temple_x_marks_the_god

Skill      XL: |  1  2  3  4  5  6  7  8 |
---------------+-------------------------+-----
Fighting       | 4 5 |  5.7
Axes           | 3 5 7 9 |  9.9
Armour         | 4 5 |  5.7
Dodging        | 1 |  1.0
Shields        | 4 |  4.0
Invocations    | 2 |  2.6
Evocations     | 1 |  1.0
Stealth        | |  0.7

Action                     |  1- 3 |  4- 6 |  7- 9 || total
---------------------------+-------+-------+-------++-------
  Melee: War axe           |    74 |   180 |   132 ||   386
  Throw: Dart              |       |       |     1 ||     1
    Use: Potion            |     3 |       |     1 ||     4
 Armour: Scale mail        |    22 |       |       ||    22
         Chain mail        |    21 |   117 |   117 ||   255
  Dodge: Dodged            |    35 |    93 |    67 ||   195
  Block: Buckler           |    13 |    41 |    23 ||    77
